Map: New Repugnancy LE

Players

Throwfordays - Winner!

  • Race: Protoss Protoss
  • League: Bronze
  • Spawn Location: 1:00

Shmoog

  • Race: Terran Terran
  • League: Silver
  • Spawn Location: 7:00

VOD

Have the link to the VOD?

Description

Time

  • Played on: Jan. 23, 2019, 10:46 p.m.
  • Length: 4:13
Show
View Real Time Build Order
Export as new Build Order

Throwfordays Protoss - Winner!

Build Orders:  

Get SALT Encoding   

  12  0:02  Probe  
  13  0:14  Probe  
  14  0:23  Pylon  
  14  0:26  Probe  
  15  0:41  Probe  
  16  0:44  Gateway  
  16  0:47  Assimilator  
  16  0:57  Probe  
  17  1:09  Probe  
  18  1:21  Probe  
  19  1:31  Cybernetics Core  
  19  1:33  Probe  
  19  1:34  Zealot  
  19  1:35  Pylon  
  22  1:45  Probe  
  23  1:49  Warp Gate  
  23  2:05  Nexus  
  23  2:12  Pylon  
  23  2:25  Assimilator  
  23  2:27  Adept  
  25  2:33  Pylon  
  25  2:46  Probe  
  26  2:54  Pylon  
  26  2:59  Probe  
  26  3:05  Gateway  
  27  3:11  Probe  
  28  3:15  Gateway  
  28  3:19  Gateway  
  28  3:26  Pylon  
  28  3:31  Probe  
  28  3:34  Probe  
  30  3:43  Probe  
  30  3:46  Probe  
  30  3:47  Pylon  
  32  4:10  Adept  
Show
View Real Time Build Order
Export as new Build Order

Shmoog Terran 

Build Orders:  

Get SALT Encoding   

Tags
 
Add a new tag
Caveats
  • Supply blocks, unpowered buildings, or Contaminate may cause inaccurate times.
  • Supply counts are checked every 10 seconds.